| TOP OF THE 1ST |
|
Quad Cities River Bandits batting - Pitching for Beloit Snappers : RHP Dave Magana
|
|
Pitching: RHP Dave Magana
|
|
|
Batting: LHB Glenn Lowther
|
0-0: Swinging Strike 0-1: Called Strike 0-2: Strikes out swinging
|
|
Batting: RHB Sean Mounts
|
0-0: Swinging Strike 0-1: Foul Ball, location: 2F 0-2: Foul Ball, location: 2F 0-2: Fly out, F8 (Flyball, 8LD, EV 98.1 MPH)
|
|
Batting: LHB Danny Wolver
|
0-0: Called Strike 0-1: Called Strike 0-2: Strikes out swinging
|
| Top of the 1st over - 0 runs, 0 hits, 0 errors, 0 left on base; Quad Cities 0 - Beloit 0 |
| BOTTOM OF THE 1ST |
|
Beloit Snappers batting - Pitching for Quad Cities River Bandits : LHP Dzintars Balodis
|
|
Pitching: LHP Dzintars Balodis
|
|
|
Batting: RHB Chris Bohm
|
0-0: Ball 1-0: Ball 2-0: Ball 3-0: Base on Balls
|
|
Batting: RHB Emiel Schlepers
|
0-0: Swinging Strike 0-1: Fielders Choice at 2nd, 6-4 (Groundball, 6, EV 88.1 MPH)
|
|
Batting: RHB Tetsuya Shinoda
|
0-0: Called Strike 0-1: Grounds into double play, 6-4-3 (Groundball, 6, EV 96.9 MPH)
|
| Bottom of the 1st over - 0 runs, 0 hits, 0 errors, 0 left on base; Quad Cities 0 - Beloit 0 |
| TOP OF THE 2ND |
|
Quad Cities River Bandits batting - Pitching for Beloit Snappers : RHP Dave Magana
|
|
Batting: LHB Daigo Ishii
|
0-0: Ball 1-0: Swinging Strike 1-1: Called Strike 1-2: Strikes out swinging
|
|
Batting: LHB Bob Govella
|
0-0: Ball 1-0: Ground out 6-3 (Groundball, 6M, EV 104.4 MPH)
|
|
Batting: RHB Alex Campos
|
0-0: Foul Ball, location: 2F 0-1: Ball 1-1: Fly out, F7 (Line Drive, 7S, EV 92.5 MPH)
|
| Top of the 2nd over - 0 runs, 0 hits, 0 errors, 0 left on base; Quad Cities 0 - Beloit 0 |
| BOTTOM OF THE 2ND |
|
Beloit Snappers batting - Pitching for Quad Cities River Bandits : LHP Dzintars Balodis
|
|
Batting: RHB Min-chin Yi
|
0-0: Ball 1-0: Foul Ball, location: 2F 1-1: Ball 2-1: Foul Ball, location: 2F 2-2: Ball 3-2: Foul Ball, location: 2F 3-2: Ground out 6-3 (Groundball, 6, EV 103.1 MPH)
|
|
Batting: RHB Clay Statum
|
0-0: Ground out U3 (Groundball, 34S, EV 83.1 MPH)
|
|
Batting: RHB Josh Lykins
|
0-0: Foul Ball, location: 2F 0-1: Ball 1-1: Foul Ball, location: 2F 1-2: Ball 2-2: Ball 3-2: Foul Ball, location: 2F 3-2: Base on Balls
|
|
Batting: LHB Robert Wilkins
|
0-0: Ball 1-0: Fielders Choice at 2nd, U6 (Groundball, 6M, EV 95.0 MPH)
|
| Bottom of the 2nd over - 0 runs, 0 hits, 0 errors, 1 left on base; Quad Cities 0 - Beloit 0 |
| TOP OF THE 3RD |
|
Quad Cities River Bandits batting - Pitching for Beloit Snappers : RHP Dave Magana
|
|
Batting: RHB Tristan Lewis
|
0-0: DOUBLE (Line Drive, 7LM, EV 95.0 MPH)
|
|
Batting: LHB Fernando Gomez
|
0-0: Ball 1-0: Ball 2-0: Swinging Strike 2-1: Fly out, F8 (Flyball, 8LD, EV 95.6 MPH) Runner from 2nd tags up, SAFE at 3rd with throw by CF
|
|
Batting: RHB Kieron Clark
|
0-0: Ball 1-0: Called Strike 1-1: Foul Ball, location: 2F 1-2: Foul Ball, location: 2F 1-2: Ball 2-2: Ball 3-2: Foul Ball, location: 2F 3-2: SINGLE (Groundball, 6MD, EV 100.6 MPH) Tristan Lewis scores
|
|
Batting: LHB Glenn Lowther
|
0-0: Ball 1-0: Ball 2-0: Ball 3-0: Fielders Choice at 2nd, 3-6 (Groundball, 3, EV 90.6 MPH)
|
|
Batting: RHB Sean Mounts
|
0-0: Ground out 6-3 (Groundball, 6S, EV 83.1 MPH)
|
| Top of the 3rd over - 1 run, 2 hits, 0 errors, 1 left on base; Quad Cities 1 - Beloit 0 |
| BOTTOM OF THE 3RD |
|
Beloit Snappers batting - Pitching for Quad Cities River Bandits : LHP Dzintars Balodis
|
|
Batting: RHB Don Burt
|
0-0: Ground out 4-3 (Groundball, 4, EV 86.2 MPH)
|
|
Batting: LHB Felipe Gomez
|
0-0: Ball 1-0: Ground out 2-3 (Groundball, 2R, EV 70.0 MPH)
|
|
Batting: RHB Chris Bohm
|
0-0: Fly out, F7 (Line Drive, 7S, EV 94.4 MPH)
|
| Bottom of the 3rd over - 0 runs, 0 hits, 0 errors, 0 left on base; Quad Cities 1 - Beloit 0 |
| TOP OF THE 4TH |
|
Quad Cities River Bandits batting - Pitching for Beloit Snappers : RHP Dave Magana
|
|
Batting: LHB Danny Wolver
|
0-0: Ball 1-0: Called Strike 1-1: SINGLE (Line Drive, 4D, EV 110.0 MPH)
|
|
Batting: LHB Daigo Ishii
|
0-0: Called Strike 0-1: Ball 1-1: Foul Ball, location: 2F 1-2: Ball 2-2: Strikes out swinging
|
|
Batting: LHB Bob Govella
|
0-0: Called Strike Danny Wolver is caught stealing 2nd base 2-6 0-1: Foul Ball, location: 2F 0-2: Ball 1-2: Strikes out swinging
|
| Top of the 4th over - 0 runs, 1 hit, 0 errors, 0 left on base; Quad Cities 1 - Beloit 0 |
| BOTTOM OF THE 4TH |
|
Beloit Snappers batting - Pitching for Quad Cities River Bandits : LHP Dzintars Balodis
|
|
Batting: RHB Emiel Schlepers
|
0-0: Ball 1-0: Ball 2-0: Called Strike 2-1: Ball 3-1: Foul Ball, location: 2F 3-2: Base on Balls
|
|
Batting: RHB Tetsuya Shinoda
|
0-0: Ball 1-0: Called Strike 1-1: Called Strike 1-2: Strikes out swinging
|
|
Batting: RHB Min-chin Yi
|
0-0: Ball Wild Pitch! Emiel Schlepers to second 1-0: Foul Ball, location: 2F 1-1: Foul Ball, location: 2F 1-2: Strikes out swinging
|
|
Batting: RHB Clay Statum
|
0-0: Ball 1-0: Ball Wild Pitch! Emiel Schlepers to third 2-0: Ball 3-0: Foul Ball, location: 2F 3-1: Swinging Strike 3-2: Base on Balls
|
|
Batting: RHB Josh Lykins
|
0-0: Called Strike 0-1: Ball 1-1: Ball 2-1: Fielders Choice at 2nd, 6-4 (Groundball, 6, EV 85.0 MPH)
|
| Bottom of the 4th over - 0 runs, 0 hits, 0 errors, 2 left on base; Quad Cities 1 - Beloit 0 |
| TOP OF THE 5TH |
|
Quad Cities River Bandits batting - Pitching for Beloit Snappers : RHP Dave Magana
|
|
Batting: RHB Alex Campos
|
0-0: Foul Ball, location: 2F 0-1: Called Strike 0-2: Ball 1-2: Strikes out swinging
|
|
Batting: RHB Tristan Lewis
|
0-0: Called Strike 0-1: Called Strike 0-2: Ball 1-2: SINGLE (Groundball, 4MD, EV 98.1 MPH)
|
|
Batting: LHB Fernando Gomez
|
0-0: Swinging Strike 0-1: Swinging Strike 0-2: Strikes out swinging
|
|
Batting: RHB Kieron Clark
|
0-0: Swinging Strike 0-1: Ball 1-1: Called Strike 1-2: Ball 2-2: Foul Ball, location: 2F 2-2: Strikes out swinging
|
| Top of the 5th over - 0 runs, 1 hit, 0 errors, 1 left on base; Quad Cities 1 - Beloit 0 |
| BOTTOM OF THE 5TH |
|
Beloit Snappers batting - Pitching for Quad Cities River Bandits : LHP Dzintars Balodis
|
|
Batting: LHB Robert Wilkins
|
0-0: Called Strike 0-1: Ball 1-1: Ball 2-1: SINGLE (Line Drive, 6M, EV 98.1 MPH)
|
|
Batting: RHB Don Burt
|
0-0: Ball 1-0: Called Strike 1-1: Ball 2-1: Foul Ball, location: 2F 2-2: Ball 3-2: Strikes out looking Robert Wilkins steals 2nd base Batter strikes out.
|
|
Batting: LHB Felipe Gomez
|
0-0: Fly out, F7 (Flyball, 78M, EV 95.6 MPH)
|
|
Batting: RHB Chris Bohm
|
0-0: Ball 1-0: Called Strike 1-1: Foul Ball, location: 2F 1-2: Ball 2-2: Ball 3-2: Strikes out looking
|
| Bottom of the 5th over - 0 runs, 1 hit, 0 errors, 1 left on base; Quad Cities 1 - Beloit 0 |
| TOP OF THE 6TH |
|
Quad Cities River Bandits batting - Pitching for Beloit Snappers : RHP Dave Magana
|
|
Batting: LHB Glenn Lowther
|
0-0: Ball 1-0: Called Strike 1-1: Swinging Strike 1-2: Foul Ball, location: 2F 1-2: Foul Ball, location: 2F 1-2: Strikes out looking
|
|
Batting: RHB Sean Mounts
|
0-0: Called Strike 0-1: Ball 1-1: Ground out 6-3 (Groundball, 6, EV 78.8 MPH)
|
|
Batting: LHB Danny Wolver
|
0-0: Called Strike 0-1: Ball 1-1: Foul Ball, location: 2F 1-2: Strikes out swinging
|
| Top of the 6th over - 0 runs, 0 hits, 0 errors, 0 left on base; Quad Cities 1 - Beloit 0 |
| BOTTOM OF THE 6TH |
|
Beloit Snappers batting - Pitching for Quad Cities River Bandits : LHP Dzintars Balodis
|
|
Batting: RHB Emiel Schlepers
|
0-0: Foul Ball, location: 2F 0-1: Ball 1-1: Ball 2-1: Ball 3-1: SOLO HOME RUN (Flyball, 7LD, EV 90.6 MPH), Distance : 346 ft
|
|
Batting: RHB Tetsuya Shinoda
|
0-0: Ball 1-0: Ground out 6-3 (Groundball, 6D, EV 90.6 MPH)
|
|
Batting: RHB Min-chin Yi
|
0-0: Foul Ball, location: 2F 0-1: Ball 1-1: SINGLE (Line Drive, 8RS, EV 87.5 MPH)
|
|
Batting: RHB Clay Statum
|
0-0: Ball Min-chin Yi steals 2nd base 1-0: Called Strike 1-1: Swinging Strike 1-2: Strikes out looking
|
|
Batting: RHB Josh Lykins
|
0-0: Called Strike 0-1: Ground out 5-3 (Groundball, 56, EV 83.8 MPH)
|
| Bottom of the 6th over - 1 run, 2 hits, 0 errors, 1 left on base; Quad Cities 1 - Beloit 1 |
| TOP OF THE 7TH |
|
Quad Cities River Bandits batting - Pitching for Beloit Snappers : RHP Dave Magana
|
|
Batting: LHB Daigo Ishii
|
0-0: Ball 1-0: Called Strike 1-1: Foul Ball, location: 2F 1-2: Strikes out looking
|
|
Batting: LHB Bob Govella
|
0-0: SOLO HOME RUN (Flyball, 89XD, EV 99.4 MPH), Distance : 407 ft
|
|
Batting: RHB Alex Campos
|
0-0: Ball 1-0: Ball 2-0: Ball 3-0: Base on Balls
|
|
Batting: RHB Tristan Lewis
|
0-0: Ball 1-0: Fielders Choice at 2nd, 5-4 (Groundball, 56S, EV 83.1 MPH)
|
|
Batting: LHB Fernando Gomez
|
0-0: Foul Ball, location: 2F 0-1: Ball 1-1: Foul Ball, location: 2F 1-2: Foul Ball, location: 2F 1-2: Strikes out looking
|
| Top of the 7th over - 1 run, 1 hit, 0 errors, 1 left on base; Quad Cities 2 - Beloit 1 |
| BOTTOM OF THE 7TH |
|
Beloit Snappers batting - Pitching for Quad Cities River Bandits : LHP Dzintars Balodis
|
|
Pinch Hitting: RHB Shannon Beck
|
0-0: Ball 1-0: Ball 2-0: Foul Ball, location: 2F 2-1: Swinging Strike 2-2: Ball 3-2: Foul Ball, location: 2F 3-2: Base on Balls
|
|
Batting: RHB Don Burt
|
0-0: Ball 1-0: Sac Bunt to 2R - play at first, batter OUT! 2-3 Shannon Beck to second
|
|
Pinch Hitting: SHB Ivan Barry
|
0-0: Called Strike 0-1: Ball 1-1: Ball 2-1: Ball 3-1: Called Strike 3-2: Base on Balls
|
|
Pitching: RHP Gabe Torres
|
|
|
Batting: RHB Chris Bohm
|
0-0: Called Strike 0-1: Foul Ball, location: 2F 0-2: Foul Ball, location: 2F 0-2: Strikes out swinging
|
|
Batting: RHB Emiel Schlepers
|
0-0: Ball 1-0: DOUBLE (Groundball, 5L, EV 97.5 MPH) Shannon Beck scores Ivan Barry to third Runner from 3rd tries for Home, SAFE, throw by LF to home
|
|
Batting: RHB Tetsuya Shinoda
|
0-0: Called Strike 0-1: Ball 1-1: Hit by Pitch
|
|
Batting: RHB Min-chin Yi
|
0-0: Ball 1-0: Swinging Strike 1-1: Called Strike 1-2: Strikes out swinging
|
| Bottom of the 7th over - 2 runs, 1 hit, 0 errors, 2 left on base; Quad Cities 2 - Beloit 3 |
| TOP OF THE 8TH |
|
Quad Cities River Bandits batting - Pitching for Beloit Snappers : RHP Dave Magana
|
|
Now at 3B: Miguel Maymi
|
|
|
Now in RF: Jeremy Brammer
|
|
|
Batting: RHB Kieron Clark
|
0-0: Ball 1-0: Called Strike 1-1: Ball 2-1: Ball 3-1: Base on Balls
|
|
Pitching: RHP Jon Coakley
|
|
|
Batting: LHB Glenn Lowther
|
0-0: Ball 1-0: Ball 2-0: Ball 3-0: Called Strike 3-1: Base on Balls Kieron Clark to second
|
|
Batting: RHB Sean Mounts
|
0-0: Called Strike 0-1: Ball 1-1: Bunt missed! 1-2: Ball 2-2: Fly out, F8 (Flyball, 8LM, EV 83.8 MPH)
|
|
Batting: LHB Danny Wolver
|
0-0: Foul Ball, location: 2F 0-1: Grounds into double play, 4-6-3 (Groundball, 4, EV 103.8 MPH)
|
| Top of the 8th over - 0 runs, 0 hits, 0 errors, 1 left on base; Quad Cities 2 - Beloit 3 |
| BOTTOM OF THE 8TH |
|
Beloit Snappers batting - Pitching for Quad Cities River Bandits : RHP Gabe Torres
|
|
Batting: RHB Clay Statum
|
0-0: Foul Ball, location: 2F 0-1: Ball 1-1: Ground out 4-3 (Groundball, 4M, EV 83.8 MPH)
|
|
Batting: RHB Josh Lykins
|
0-0: Foul Ball, location: 2F 0-1: Called Strike 0-2: Ball 1-2: Strikes out swinging
|
|
Batting: LHB Jeremy Brammer
|
0-0: Ball 1-0: Fly out, F7 (Flyball, 7LSF, EV 95.6 MPH)
|
| Bottom of the 8th over - 0 runs, 0 hits, 0 errors, 0 left on base; Quad Cities 2 - Beloit 3 |
| TOP OF THE 9TH |
|
Quad Cities River Bandits batting - Pitching for Beloit Snappers : RHP Jon Coakley
|
|
Pitching: RHP Tony Contreras
|
|
|
Batting: LHB Daigo Ishii
|
0-0: Ball 1-0: Ball 2-0: Ball 3-0: Called Strike 3-1: Called Strike 3-2: SOLO HOME RUN (Flyball, 9LD, EV 92.5 MPH), Distance : 338 ft
|
|
Batting: LHB Bob Govella
|
0-0: Ball 1-0: Ball 2-0: Called Strike 2-1: Ground out U3 (Groundball, 34S, EV 83.1 MPH)
|
|
Pinch Hitting: LHB Jackson Trottier
|
0-0: Called Strike 0-1: Ball 1-1: Foul Ball, location: 2F 1-2: Ball 2-2: Strikes out swinging
|
|
Pinch Hitting: LHB Aldo Kok
|
0-0: Ball 1-0: Ball 2-0: Ball 3-0: Called Strike 3-1: Fly out, F7 (Line Drive, 78S, EV 93.1 MPH)
|
| Top of the 9th over - 1 run, 1 hit, 0 errors, 0 left on base; Quad Cities 3 - Beloit 3 |
| BOTTOM OF THE 9TH |
|
Beloit Snappers batting - Pitching for Quad Cities River Bandits : RHP Gabe Torres
|
|
Pitching: RHP Omar Pineda
|
|
|
Now at C: Lee Wright
|
|
|
Now at 1B: Andrew Pride
|
|
|
Batting: RHB Don Burt
|
0-0: Reached on error, E3 (Groundball, 34, EV 86.2 MPH)
|
|
Batting: LHB Miguel Maymi
|
0-0: Bunted foul 0-1: Bunted foul 0-2: Ball 1-2: Foul Ball, location: 2F 1-2: Fielders Choice at 2nd, 4-6 (Groundball, 4D, EV 102.5 MPH)
|
|
Batting: RHB Chris Bohm
|
0-0: Ball 1-0: Swinging Strike 1-1: Swinging Strike 1-2: Ground out 5-3 (Groundball, 5S, EV 93.1 MPH) Miguel Maymi to second
|
|
Batting: RHB Emiel Schlepers
|
0-0: Ball 1-0: Foul Ball, location: 2F 1-1: Foul Ball, location: 2F 1-2: Ball 2-2: Ball 3-2: Foul Ball, location: 2F 3-2: Base on Balls
|
|
Batting: RHB Tetsuya Shinoda
|
0-0: Called Strike 0-1: Fly out, F7 (Flyball, 7S, EV 80.0 MPH)
|
| Bottom of the 9th over - 0 runs, 0 hits, 1 error, 2 left on base; Quad Cities 3 - Beloit 3 |
| TOP OF THE 10TH |
|
Quad Cities River Bandits batting - Pitching for Beloit Snappers : RHP Tony Contreras
|
|
Batting: LHB Fernando Gomez
|
0-0: Swinging Strike 0-1: Ground out 4-3 (Groundball, 4, EV 80.6 MPH)
|
|
Batting: RHB Kieron Clark
|
0-0: Ball 1-0: Called Strike 1-1: Swinging Strike 1-2: Ball 2-2: Fly out, F7 (Flyball, 78D, EV 94.4 MPH)
|
|
Batting: LHB Glenn Lowther
|
0-0: Ground out U3 (Groundball, 3L, EV 91.9 MPH)
|
| Top of the 10th over - 0 runs, 0 hits, 0 errors, 0 left on base; Quad Cities 3 - Beloit 3 |
| BOTTOM OF THE 10TH |
|
Beloit Snappers batting - Pitching for Quad Cities River Bandits : RHP Omar Pineda
|
|
Batting: RHB Min-chin Yi
|
0-0: Ball 1-0: Ball 2-0: Foul Ball, location: 2F 2-1: Foul Ball, location: 2F 2-2: Foul Ball, location: 2F 2-2: Strikes out swinging
|
|
Pitching: RHP Carlos Zavala
|
|
|
Batting: RHB Clay Statum
|
0-0: Ball 1-0: Called Strike 1-1: Ball 2-1: Fly out, F3 (Popup, 3DF, EV 60.0 MPH)
|
|
Batting: RHB Josh Lykins
|
0-0: Swinging Strike 0-1: Ball 1-1: DOUBLE (Groundball, 5L, EV 95.6 MPH)
|
|
Batting: LHB Jeremy Brammer
|
0-0: Intentional Walk
|
|
Batting: RHB Don Burt
|
0-0: Ball 1-0: Foul Ball, location: 2F 1-1: Swinging Strike 1-2: Ball 2-2: Ball 3-2: Strikes out swinging
|
| Bottom of the 10th over - 0 runs, 1 hit, 0 errors, 2 left on base; Quad Cities 3 - Beloit 3 |
| TOP OF THE 11TH |
|
Quad Cities River Bandits batting - Pitching for Beloit Snappers : RHP Tony Contreras
|
|
Batting: RHB Sean Mounts
|
0-0: Called Strike 0-1: Ball 1-1: Ball 2-1: Ground out 5-3 (Groundball, 56S, EV 72.5 MPH)
|
|
Batting: LHB Danny Wolver
|
0-0: Ground out 6-3 (Groundball, 6, EV 82.5 MPH)
|
|
Batting: LHB Daigo Ishii
|
0-0: Called Strike 0-1: TRIPLE (Line Drive, 9D, EV 101.9 MPH)
|
|
Batting: LHB Bob Govella
|
0-0: Called Strike 0-1: Ball 1-1: Swinging Strike 1-2: Foul Ball, location: 2F 1-2: Strikes out swinging
|
| Top of the 11th over - 0 runs, 1 hit, 0 errors, 1 left on base; Quad Cities 3 - Beloit 3 |
| BOTTOM OF THE 11TH |
|
Beloit Snappers batting - Pitching for Quad Cities River Bandits : RHP Carlos Zavala
|
|
Batting: LHB Miguel Maymi
|
0-0: Ball 1-0: Ball 2-0: Called Strike 2-1: Ground out 4-3 (Groundball, 4, EV 93.1 MPH)
|
|
Batting: RHB Chris Bohm
|
0-0: Swinging Strike 0-1: Foul Ball, location: 2F 0-2: Ball 1-2: Ball 2-2: Ground out 1-3 (Groundball, 34S, EV 70.6 MPH)
|
|
Batting: RHB Emiel Schlepers
|
0-0: Foul Ball, location: 2F 0-1: Ball 1-1: Ground out 5-3 (Groundball, 5S, EV 86.2 MPH)
|
| Bottom of the 11th over - 0 runs, 0 hits, 0 errors, 0 left on base; Quad Cities 3 - Beloit 3 |
| TOP OF THE 12TH |
|
Quad Cities River Bandits batting - Pitching for Beloit Snappers : RHP Tony Contreras
|
|
Pitching: LHP Alex Shannon
|
|
|
Batting: RHB Andrew Pride
|
0-0: Ground out 3-1 (Groundball, 34, EV 80.0 MPH)
|
|
Batting: RHB Lee Wright
|
0-0: Swinging Strike 0-1: Fly out, F5 (Line Drive, 56, EV 71.9 MPH)
|
|
Pinch Hitting: RHB Reginald McDougall
|
0-0: Ball 1-0: Swinging Strike 1-1: Swinging Strike 1-2: Strikes out swinging
|
| Top of the 12th over - 0 runs, 0 hits, 0 errors, 0 left on base; Quad Cities 3 - Beloit 3 |
| BOTTOM OF THE 12TH |
|
Beloit Snappers batting - Pitching for Quad Cities River Bandits : RHP Carlos Zavala
|
|
Now at SS: Ray Souza
|
|
|
Batting: RHB Tetsuya Shinoda
|
0-0: Called Strike 0-1: Foul Ball, location: 2F 0-2: Foul Ball, location: 2F 0-2: Foul Ball, location: 2F 0-2: Foul Ball, location: 2F 0-2: Strikes out swinging
|
|
Batting: RHB Min-chin Yi
|
0-0: Ground out 6-3 (Groundball, 6, EV 105.6 MPH)
|
|
Batting: RHB Clay Statum
|
0-0: Ball 1-0: Called Strike 1-1: Foul Ball, location: 2F 1-2: Ball 2-2: SINGLE (Line Drive, 9S, EV 111.9 MPH)
|
|
Batting: RHB Josh Lykins
|
0-0: Foul Ball, location: 2F 0-1: Ball 1-1: Fly out, F7 (Flyball, 78S, EV 96.9 MPH)
|
| Bottom of the 12th over - 0 runs, 1 hit, 0 errors, 1 left on base; Quad Cities 3 - Beloit 3 |
| TOP OF THE 13TH |
|
Quad Cities River Bandits batting - Pitching for Beloit Snappers : LHP Alex Shannon
|
|
Batting: RHB Kieron Clark
|
0-0: Ball 1-0: Called Strike 1-1: Ground out 6-3 (Groundball, 6, EV 81.9 MPH)
|
|
Batting: LHB Glenn Lowther
|
0-0: SINGLE (Groundball, 23, EV 66.2 MPH) (infield hit)
|
|
Batting: RHB Sean Mounts
|
0-0: Called Strike Glenn Lowther is caught stealing 2nd base 2-4 0-1: Ball 1-1: Ball 2-1: Ball 3-1: Base on Balls
|
|
Batting: LHB Danny Wolver
|
0-0: Called Strike 0-1: Ball 1-1: Foul Ball, location: 2F 1-2: Ball 2-2: Foul Ball, location: 2F 2-2: Foul Ball, location: 2F 2-2: Strikes out swinging
|
| Top of the 13th over - 0 runs, 1 hit, 0 errors, 1 left on base; Quad Cities 3 - Beloit 3 |
| BOTTOM OF THE 13TH |
|
Beloit Snappers batting - Pitching for Quad Cities River Bandits : RHP Carlos Zavala
|
|
Batting: LHB Jeremy Brammer
|
0-0: Fly out, F7 (Flyball, 78D, EV 72.5 MPH)
|
|
Batting: RHB Don Burt
|
0-0: SINGLE (Groundball, 6D, EV 95.6 MPH)
|
|
Batting: LHB Miguel Maymi
|
0-0: Foul Ball, location: 2F 0-1: Fly out, F8 (Flyball, 8RD, EV 96.9 MPH)
|
|
Batting: RHB Chris Bohm
|
0-0: Ball Don Burt is caught stealing 2nd base 2-4
|
| Bottom of the 13th over - 0 runs, 1 hit, 0 errors, 0 left on base; Quad Cities 3 - Beloit 3 |
| TOP OF THE 14TH |
|
Quad Cities River Bandits batting - Pitching for Beloit Snappers : LHP Alex Shannon
|
|
Batting: LHB Daigo Ishii
|
0-0: Ball 1-0: Called Strike 1-1: Foul Ball, location: 2F 1-2: Ground out U3 (Groundball, 3S, EV 85.0 MPH)
|
|
Batting: LHB Bob Govella
|
0-0: Fly out, F1 (Line Drive, P, EV 69.4 MPH)
|
|
Batting: RHB Andrew Pride
|
0-0: Called Strike 0-1: Ball 1-1: Fly out, F7 (Flyball, 7S, EV 94.4 MPH)
|
| Top of the 14th over - 0 runs, 0 hits, 0 errors, 0 left on base; Quad Cities 3 - Beloit 3 |
| BOTTOM OF THE 14TH |
|
Beloit Snappers batting - Pitching for Quad Cities River Bandits : RHP Carlos Zavala
|
|
Batting: RHB Chris Bohm
|
0-0: Fly out, F9 (Flyball, 89S, EV 86.2 MPH)
|
|
Batting: RHB Emiel Schlepers
|
0-0: Ball 1-0: Swinging Strike 1-1: Called Strike 1-2: Ball 2-2: Ball 3-2: Base on Balls
|
|
Batting: RHB Tetsuya Shinoda
|
0-0: Called Strike 0-1: SINGLE (Groundball, 4MD, EV 96.2 MPH) Emiel Schlepers to second Runner from 2nd tries for 3rd, SAFE, throw by CF made to third
|
|
Batting: RHB Min-chin Yi
|
0-0: Called Strike 0-1: Foul Ball, location: 2F 0-2: Ball 1-2: Ball 2-2: SINGLE (Groundball, 56D, EV 95.6 MPH) Emiel Schlepers scores
|
| Bottom of the 14th over - 1 run, 2 hits, 0 errors, 1 left on base; Quad Cities 3 - Beloit 4 |
|